 Dungeon Crawl Stone Soup version 0.30.0-20-g3615ddf2f0 (webtiles) character file.

Game seed: 8906743412562449496

96 qw the Shield-Bearer (level 4, -3/28 HPs)
             Began as a Gargoyle Fighter on May 29, 2023.
             Slain by an iguana (5 damage)
             ... on level 4 of the Dungeon.
             The game lasted 00:01:18 (2891 turns).

qw the Shield-Bearer (Gargoyle Fighter)             Turns: 2891, Time: 00:01:18

Health: -3/28      AC: 13    Str: 22    XL:     4   Next: 67%
Magic:  0/4        EV:  8    Int:  8    God:
Gold:   111        SH:  8    Dex:  9    Spells: 3/3 levels left

rFire   . . .        Y - +0 war axe
rCold   . . .        k - +0 kite shield
rNeg    + + .        b - +0 scale mail
rPois   inf          (no helmet)
rElec   +            n - +0 cloak
rCorr   .            h - +0 pair of gloves
SInv    .            q - +0 pair of boots
Will    .....        j - amulet of guardian spirit Stlth
                     f - ring of positive energy
HPRegen 0.24/turn    (no ring)
MPRegen 0.09/turn

%: guardian spirit
@: no status effects
A: sickness immunity, AC +3, negative energy resistance 1, electricity
resistance, torment resistance 1, petrification resistance
a: no special abilities


You were on level 4 of the Dungeon.
You visited 1 branch of the dungeon, and saw 4 of its levels.

You collected 111 gold pieces.


Innate Abilities, Weirdness & Mutations

You are immune to sickness and miasma.
Your stone body is resilient. (AC +3)
You are immune to poison.
You resist negative energy. (rN+)
You are resistant to electric shocks. (rElec)
You are resistant to unholy torment.
You are immune to petrification.


   Skills:
 - Level 3.2 Fighting
 + Level 3.9 Axes
 - Level 3.2 Armour
 - Level 4.0 Shields


You had 3 spell levels left.
You didn't know any spells.
Your spell library was empty.

Inventory:

Hand Weapons
 c - a +1 flail of protection
 Y - a +0 war axe (weapon)
Armour
 b - a +0 scale mail (worn)
 h - a +0 pair of gloves (worn)
 k - a +0 kite shield (worn)
 n - a +0 cloak (worn)
 q - a +0 pair of boots (worn)
Jewellery
 f - a ring of positive energy (left hand)
 j - an amulet of guardian spirit (around neck)
Scrolls
 i - a scroll of identify
Potions
 a - a potion of curing
 d - a potion of might
 e - a potion of haste {unknown}
 l - a potion of cancellation {unknown}
 o - a potion of brilliance {unknown}
 p - a potion of heal wounds {unknown}

Dungeon Overview and Level Annotations

Branches:
Dungeon (4/15)
 Temple: D:4-7

Altars:
Elyvilon

Annotations:
D:3 2 transporters, qw's ghost, amateur GrFi


Message History

You slash the ogre!
The ogre is moderately wounded.
You hit the hound but do no damage.
Your surroundings suddenly seem different.
A hobgoblin zombie, an adder, 2 jackals, 2 iguanas and 3 gnolls come into view.
Found a book of Blood.
The iguana hisses angrily.
The jackal barks!
The iguana hisses angrily.
The gnoll shouts! x2; You hear a bark!
The jackal bites you.
A jackal comes into view.
A hobgoblin zombie comes into view.
The jackal bites you but does no damage.
You block the jackal's attack. x2
A goblin zombie comes into view.
A hobgoblin zombie comes into view.
You barely miss the gnoll. x2; You slash the jackal!
You kill the jackal!
You hit the jackal. x2
The jackal bites you but does no damage. x2
The gnoll closely misses you. The gnoll hits you with a +0 club.
The adder bites you but does no damage. The jackal barely misses you.
The jackal bites you but does no damage.
The iguana bites you but does no damage.
The gnoll barely misses you. The gnoll hits you with a +0 whip.
You barely miss the jackal.
The jackal is almost dead.
You hit the gnoll. You slash the gnoll! You hit the iguana.
You barely miss the jackal. You hit the adder. You block the adder's attack.
You block the jackal's attack.
The jackal bites you but does no damage.
You block the gnoll's attack. The iguana closely misses you.
The gnoll hits you but does no damage. The adder bites you but does no damage.
The jackal bites you but does no damage.
The jackal barely misses you.
You slash the jackal!
You kill the jackal!
You hit the gnoll. You slash the gnoll!
You kill the gnoll!
You hit the iguana. You barely miss the jackal. You slash the adder!
You kill the adder!
The jackal bites you. The iguana bites you.
You die...

:....# .##.. ...#. . ...
.... Z###.. ... Z.....#
.. .Z.. .. #. #Z. #. #
#.##%#l#####.#.##.#.##
#.l.g@hg.O....O.h.....
....##)#.##.##.#.##.#.##
# #.. ..# #. # ...# ....
#. #.#. .#### ## ...##
.# .77 .. ##


You could see an ogre, 2 iguanas, 2 gnolls, a goblin zombie, 3 hobgoblin zombies
and a jackal.

Vanquished Creatures
  A gnoll (D:4)
  3 adders
  2 worms
  A dart slug (D:1)
  3 orcs
  8 endoplasms
  5 giant cockroaches
  5 goblins
  5 hobgoblins
  6 jackals
  3 kobolds
  A quokka (D:2)
  5 ball pythons
  6 bats
  5 frilled lizards
  4 rats
63 creatures vanquished.

Notes
Turn   | Place    | Note
-------+----------+-------------------------------------------
     0 | D:1      | qw the Gargoyle Fighter began the quest for the Orb.
     0 | D:1      | Reached XP level 1. HP: 14/14 MP: 1/1
     0 | D:1      | 0 ||| qw: Version: 0.2-a-102-gbcf14f9
     0 | D:1      | 0 ||| qw: Game counter: 380
     0 | D:1      | 0 ||| qw: Always use a shield: true
     0 | D:1      | 0 ||| qw: God list: Okawaru
     0 | D:1      | 0 ||| qw: Allow faded altars: false
     0 | D:1      | 0 ||| qw: Do Orc after D:15 true
     0 | D:1      | 0 ||| qw: Do second Lair branch before Depths: true
     0 | D:1      | 0 ||| qw: Lair rune preference: random
     0 | D:1      | 0 ||| qw: Plans: Normal, Zot:1-4, Slime:5, God:TSO, Crypt,
                  | Tomb, Pan, Hells, Abyss, Win
     0 | D:1      | 0 ||| PLANNING D:1-11
   186 | D:1      | Reached XP level 2. HP: 19/19 MP: 2/2
   347 | D:1      | 347 ||| Stepping ~*~*~tactically~*~*~ (stealth).
   374 | D:1      | 374 ||| PLANNING D:1-11
   466 | D:1      | 466 ||| PLANNING D:1-11
   543 | D:1      | Reached skill level 3 in Axes
   680 | D:1      | 680 ||| Stepping ~*~*~tactically~*~*~ (stealth).
   692 | D:1      | Reached XP level 3. HP: 23/23 MP: 3/3
  1213 | D:1      | 1213 ||| UPGRADING to +0 pair of gloves.
  1218 | D:1      | 1218 ||| UPGRADING to +0 kite shield.
  1228 | D:1      | 1228 ||| DROPPING +0 buckler.
  1229 | D:1      | 1229 ||| UPGRADING to +0 cloak.
  1234 | D:1      | 1234 ||| UPGRADING to ring of positive energy.
  1235 | D:1      | 1235 ||| READING scroll labelled JUKHIR KORUFFO.
  1236 | D:1      | 1236 ||| READING 2 scrolls labelled ZEAMUONGUE.
  1239 | D:1      | 1239 ||| READING 2 scrolls labelled YTHASU OKAEPH.
  1240 | D:1      | 1240 ||| READING scroll labelled BOD OMEDDITI.
  1309 | D:2      | 1309 ||| DROPPING +0 club.
  1653 | D:2      | Reached XP level 4. HP: 28/28 MP: 4/4
  1660 | D:2      | Reached skill level 4 in Shields
  1959 | D:2      | 1959 ||| READING scroll labelled WOVASURIPH.
  1960 | D:2      | 1960 ||| READING scroll labelled FOEHUFR CAUCVE.
  2025 | D:3      | 2025 ||| Stepping ~*~*~tactically~*~*~ (hiding).
  2137 | D:3      | Found a white marble altar of Elyvilon.
  2352 | D:3      | 2352 ||| Stepping ~*~*~tactically~*~*~ (hiding).
  2502 | D:3      | Found a faded altar of an unknown god.
  2557 | D:3      | Found a transporter.
  2557 | D:3      | Found a transporter.
  2558 | D:3      | Noticed qw's ghost (amateur GrFi)
  2559 | D:3      | Identified the +7 dire flail of Death's Door {heavy, Str+2}
  2559 | D:3      | Noticed an ogre
  2812 | D:3      | 2812 ||| UPGRADING to +0 pair of boots.
  2817 | D:3      | 2817 ||| UPGRADING to amulet of guardian spirit.
  2822 | D:3      | 2822 ||| READING scroll labelled RAYRIRI VU DUALI.
  2836 | D:3      | 2836 ||| READING 2 scrolls of identify.
  2836 | D:3      | 2836 ||| IDENTIFYING brown potion
  2861 | D:4      | 2861 ||| Stepping ~*~*~tactically~*~*~ (hiding).
  2862 | D:4      | 2862 ||| Stepping ~*~*~tactically~*~*~ (stealth).
  2863 | D:4      | 2863 ||| Stepping ~*~*~tactically~*~*~ (hiding).
  2865 | D:4      | 2865 ||| Stepping ~*~*~tactically~*~*~ (hiding).
  2880 | D:4      | HP: 6/28 [orc priest/divine providence (13)]
  2881 | D:4      | 2881 ||| READING 2 scrolls of teleportation.
  2884 | D:4      | Noticed an ogre
  2885 | D:4      | 2885 ||| READING scroll of teleportation.
  2888 | D:4      | HP: 5/28 [jackal (1)]
  2891 | D:4      | HP: 2/28 [jackal (3)]
  2891 | D:4      | Slain by an iguana

Levels and vault maps discovered:
D:1:      ebering_trefoil_twist, layout_basic, nicolae_hexahallways,
          grunt_decor_cap, minmay_tree_intersection
D:2:      layout_loops_ring
D:3:      minmay_wonky_spiral, layout_basic, elyvilon_altar_1,
          shapermc_ecumenical_altar_rom_forum, gammafunk_ghost_smash
D:4:      layout_loops_cross, nicolae_tso_besieged_by_evil, serial_forest,
          infiniplex_forest_zigzag_1, infiniplex_forest_straight_1,
          infiniplex_forest_split, infiniplex_forest_straight_3,
          infiniplex_forest_clump_diagonal, infiniplex_forest_straight_4

Skill      XL: |  1  2  3  4 |
---------------+-------------+-----
Axes           | 2 3 |  3.9
Shields        | 4 |  4.0
Fighting       | |  3.2
Armour         | |  3.2

Action                     |  1- 3 |  4- 6 || total
---------------------------+-------+-------++-------
  Melee: War axe           |   137 |    86 ||   223
    Use: Scroll            |     4 |     6 ||    10
 Armour: Scale mail        |    63 |    48 ||   111
  Dodge: Dodged            |    57 |    50 ||   107
  Block: Buckler           |    20 |       ||    20
         Kite shield       |     6 |    49 ||    55

Table legend:
 A = Non-vault XP
 B = Vault XP
 C = Vault XP percentage of total XP
 D = Non-vault monster count
 E = Vault monster count
 F = Vault count percentage of total count
                 A         B        C        D         E       F
            +---------+---------+-------+---------+---------+-------
      Total |     166 |       1 |   0.6 |      62 |       1 |   1.6
            +---------+---------+-------+---------+---------+-------
        D:1 |      52 |       0 |   0.0 |      29 |       0 |   0.0
        D:2 |      45 |       0 |   0.0 |      19 |       0 |   0.0
        D:3 |      32 |       1 |   3.0 |       8 |       1 |  11.1
        D:4 |      37 |       0 |   0.0 |       6 |       0 |   0.0
            +---------+---------+-------+---------+---------+-------
